Map: [ESL] Goldenaura

Players

Classic - Winner!

  • Race: Protoss Protoss
  • Spawn Location: 12:00

SKillous

  • Race: Protoss Protoss
  • League: Grandmaster
  • Spawn Location: 5:00

Event: IEM Katowice 2024

VOD

Have the link to the VOD?

Description

Time

  • Played on: Dec. 8, 2023, 12:23 p.m.
  • Length: 7:52

All games in this series

Show
View Real Time Build Order
Export as new Build Order

Classic Protoss - Winner!

Build Orders:  

Get SALT Encoding   

  12  0:00  Probe  
  13  0:12  Probe  
  14  0:17  Pylon  
  14  0:24  Probe  
  15  0:35  Gateway  
  15  0:37  Probe (Chrono Boost)  
  16  0:46  Probe (Chrono Boost)  
  16  0:47  Assimilator  
  17  0:51  Probe (Chrono Boost)  
  18  1:03  Probe (Chrono Boost)  
  19  1:04  Assimilator  
  19  1:10  Gateway  
  19  1:13  Probe (Chrono Boost)  
  19  1:17  Probe (Chrono Boost)  
  21  1:25  Cybernetics Core  
  21  1:29  Probe  
  22  1:36  Pylon  
  22  1:41  Probe  
  24  1:54  Probe  
  24  2:02  Stalker x2  
  24  2:03  Warp Gate  
  28  2:12  Pylon  
  28  2:24  Robotics Facility  
  28  2:29  Shield Battery  
  28  2:36  Stalker x2  
  32  2:52  Gateway  
  32  3:04  Pylon  
  34  3:14  Warp Prism (Chrono Boost)  
  36  3:30  Robotics Bay  
  33  3:52  Adept x3  
  33  3:53  Observer  
  40  3:58  Pylon  
  40  4:14  Disruptor (Chrono Boost)  
  40  4:15  Adept x3  
  50  4:25  Pylon  
  50  4:51  Disruptor (Chrono Boost)  
  50  4:56  Adept x3  
  58  5:21  Adept x2  
  58  5:25  Pylon  
  62  5:42  Disruptor  
  62  5:54  Adept x3  
  56  6:18  Warp Prism (Chrono Boost)  
  56  6:20  Adept x3  
  62  6:50  Gravitic Drive  
  62  6:52  Stalker x2  
  62  6:53  Stalker  
  66  7:13  Nexus  
  60  7:43  Adept x3  
Show
View Real Time Build Order
Export as new Build Order

SKillous Protoss 

Build Orders:  

Get SALT Encoding   

  12  0:00  Probe  
  13  0:12  Probe  
  14  0:17  Pylon  
  14  0:24  Probe  
  15  0:35  Gateway  
  15  0:37  Probe (Chrono Boost)  
  16  0:48  Assimilator, Probe (Chrono Boost)  
  17  0:53  Probe (Chrono Boost)  
  17  0:56  Assimilator  
  18  1:03  Probe (Chrono Boost)  
  19  1:07  Gateway  
  19  1:12  Probe (Chrono Boost)  
  19  1:18  Probe (Chrono Boost)  
  20  1:24  Cybernetics Core  
  21  1:30  Probe  
  22  1:35  Pylon  
  22  1:42  Probe  
  23  1:54  Probe  
  24  2:00  Stalker  
  24  2:01  Warp Gate  
  26  2:05  Sentry  
  28  2:09  Pylon  
  28  2:28  Stalker  
  30  2:39  Nexus  
  30  2:42  Probe  
  31  2:45  Sentry  
  33  2:54  Probe  
  34  2:58  Sentry  
  36  3:07  Twilight Council  
  36  3:08  Probe  
  37  3:12  Pylon  
  37  3:23  Pylon  
  37  3:29  Robotics Facility  
  37  3:33  Gateway  
  37  3:37  Shield Battery  
  37  3:40  Shield Battery  
  37  3:49  Sentry  
  37  3:52  Sentry  
  41  4:12  Stalker  
  41  4:13  Immortal (Chrono Boost)  
  47  4:17  Zealot  
  49  4:27  Stalker  
  49  4:29  Probe x2  
  50  4:44  Stalker  
  49  4:48  Probe (Chrono Boost)  
  49  4:51  Probe (Chrono Boost)  
  50  4:58  Probe (Chrono Boost)  
  50  4:59  Probe (Chrono Boost)  
  52  5:01  Phoenix  
  52  5:03  Probe (Chrono Boost)  
  52  5:04  Probe  
  52  5:14  Probe (Chrono Boost)  
  52  5:15  Zealot  
  55  5:22  Probe (Chrono Boost)  
  55  5:26  Probe (Chrono Boost)  
  56  5:31  Stalker  
  56  5:32  Warp Prism (Chrono Boost)  
  60  5:46  Pylon  
  50  5:54  Shield Battery  
  50  5:55  Stalker  
  50  5:57  Stalker  
  50  6:02  Stalker  
  44  6:16  Shield Battery  
  40  6:21  Stalker x2  
  42  6:26  Stalker  
  42  6:31  Pylon  
  39  6:40  Shield Battery  
  37  6:59  Observer (Chrono Boost)  
  37  7:01  Stalker  
  39  7:27  Stalker  
  39  7:28  Stalker  
  37  7:35  Probe  

Tags
 
Add a new tag
Caveats
  • Supply blocks, unpowered buildings, or Contaminate may cause inaccurate times.
  • Supply counts are checked every 10 seconds.